 Dungeon Crawl Stone Soup version 0.24.0-13-gcf9b319 (webtiles) character file.

Game seed: 8946922672362691092, levelgen mode: deterministic

13259 Doobh the Ducker (level 11, -4/81 HPs)
             Began as a Demonspawn Venom Mage on Dec 30, 2019.
             Slain by an eight-headed hydra (9 damage)
             ... on level 1 of the Lair of Beasts.
             The game lasted 01:47:44 (14115 turns).

Doobh the Ducker (Demonspawn Venom Mage)           Turns: 14115, Time: 01:47:45

Health: -4/81      AC: 12    Str:  7 (8)  XL:     11   Next: 73%
Magic:  17/17      EV: 15    Int: 28 (31) God:
Gold:   585        SH:  0    Dex: 12 (14) Spells: 14/18 levels left

rFire    x . .     SeeInvis +     - Unarmed
rCold    + + .     Gourm    .   (no shield)
rNeg     . . .     Faith    +   O - +2 leather armour of Yesterday {rPois rCorr Int+6}
rPois    +         Spirit   .   s - +1 helmet
rElec    .         Reflect  .   (no cloak)
rCorr    +         Harm     .   (no gloves)
MR       .....                  (no boots)
Stlth    +++.......             Q - amulet "Liblehio" {Faith rPois SInv}
HPRegen  0.23/turn              k - ring of flight
MPRegen  0.15/turn              n - ring of ice

@: brilliant
A: claws 2, iridescent scales 2, cold resistance 1, powered by death 2
a: Evoke Flight


You were on level 1 of the Lair of Beasts.
You were not hungry.

You visited 3 branches of the dungeon, and saw 13 of its levels.
You also visited: Bailey and Ice Cave.

You collected 735 gold pieces.
You spent 150 gold pieces at shops.

Inventory:

Hand Weapons
 q - the +6 dagger of Igaup {antimagic, rF++ Stlth+}
   (You took it off an orc warrior on level 5 of the Dungeon)

   It reduces the magical energy of the wielder, and disrupts the spells and
   magical abilities of those hit.
   Natural abilities and divine invocations are not affected.
   It greatly protects you from fire.
   It makes you more stealthy.
Missiles
 K - 8 atropa-tipped darts (quivered)
Armour
 s - a +1 helmet (worn)
 O - the +2 leather armour of Yesterday (worn) {rPois rCorr Int+6}
   (You found it in a bailey)

   It affects your intelligence (+6).
   It protects you from poison.
   It provides partial protection from all sources of acid and corrosion.
Magical Staves
 L - an uncursed staff of earth {unknown}
Jewellery
 a - an uncursed amulet of faith
 g - an uncursed amulet of guardian spirit
 j - an uncursed amulet of the gourmand
 k - a ring of flight (left claw)
 l - an uncursed amulet of regeneration
 n - a ring of ice (right claw)
 H - an uncursed amulet of the acrobat
 Q - the amulet "Liblehio" (around neck) {Faith rPois SInv}
   (You took it off an orc wizard on level 10 of the Dungeon)

   [amulet of faith]

   It allows you to gain divine favour quickly.
   It protects you from poison.
   It lets you see invisible.
Wands
 e - a wand of paralysis (11)
 h - a wand of flame (13)
 i - a wand of acid (4)
Scrolls
 b - 3 scrolls of amnesia
 f - 2 scrolls of enchant armour
 m - a scroll of teleportation
 o - a scroll of immolation {unknown}
 p - a scroll of fog {unknown}
 v - 2 scrolls of fear
 x - a scroll of torment {unknown}
 E - 2 scrolls of remove curse {unknown}
 F - 3 scrolls of vulnerability
 G - 2 scrolls of enchant weapon
 M - a scroll of acquirement
Potions
 r - 5 potions of mutation
 z - a potion of flight
 B - a potion of magic
 C - 2 potions of brilliance
 D - 2 potions of degeneration
 N - a potion of lignification {unknown}
Comestibles
 c - 14 rations


   Skills:
 + Level 6.2 Fighting
 + Level 5.6 Armour
 + Level 7.5 Dodging
 + Level 6.4 Stealth
 + Level 7.2 Unarmed Combat
 - Level 4.0 Spellcasting
 + Level 6.1 Conjurations
 - Level 4.1 Air Magic
 - Level 6.2 Poison Magic
 + Level 3.7 Evocations


You had 14 spell levels left.
You knew the following spells:

 Your Spells              Type           Power        Failure   Level  Hunger
a - Sting                 Conj/Pois      ####         1%          1    None
b - Mephitic Cloud        Conj/Pois/Air  ######..     1%          3    ##.....

Your spell library contained the following spells:

 Spells                   Type           Power        Failure   Level  Hunger
 Shock                    Conj/Air       ####         1%          1    None
 Poisonous Vapours        Pois/Air       ######       1%          2    None
 Olgreb's Toxic Radiance  Pois           ######..     1%          4    ####...
 Venom Bolt               Conj/Pois      ######....   2%          5    #####..
 Bolt of Draining         Conj/Necr      #####.....   10%         5    #####..
 Fireball                 Conj/Fire      #####.....   10%         5    #####..
 Iron Shot                Conj/Erth      #####.....   41%         6    #######


Dungeon Overview and Level Annotations

Branches:
Dungeon (11/15)            Temple (1/1) D:5            Lair (1/6) D:8
 Bailey (visited)           IceCv (visited)
    Orc: D:9-12

Altars:
Ashenzari
Cheibriados
Dithmenos
Elyvilon
Fedhas
Gozag
Hepliaklqana
Kikubaaqudgha
Makhleb
Nemelex Xobeh
Okawaru
Qazlal
Ru
Sif Muna
Trog
Uskayaw
Vehumet
Wu Jian
Xom
Yredelemnul
Zin
The Shining One

Shops:
D:6 *   D:9 :

Annotations:
D:7 exclusion: door


Innate Abilities, Weirdness & Mutations

You have very sharp fingernails.
You are mostly covered in iridescent scales. (AC +4)
Your flesh is cold resistant. (rC+)
You regenerate health from kills.


Message History

There was something very wrong with that liquid.
You feel weakened.
You feel dopey.
You feel clumsy. The ice devil hits you!
* * * LOW HITPOINT WARNING * * *
The ice devil freezes you. You resist.
* * * LOW HITPOINT WARNING * * *
There is an ice choked empty arch of ancient stone here.
There is an ice covered gate leading back out of this place here.
The ice devil hits you but does no damage.
Welcome back to the Lair of Beasts!
The eight-headed hydra bites you.
* * * LOW HITPOINT WARNING * * *
The eight-headed hydra completely misses you.
The eight-headed hydra barely misses you. x2
The eight-headed hydra bites you.
* * * LOW HITPOINT WARNING * * *
The eight-headed hydra closely misses you.
The eight-headed hydra bites you but does no damage.
The eight-headed hydra completely misses you.
The ice beast completely misses you. The eight-headed hydra bites you!
You die...

*#.... #############.....
#####.......##.P#.....
##.....................
***#H.....................
*,,,#.....................
****##....................
#....D........ยง..F....
#...4@...............?
##..Y.................
#....YY..........?...
##...Y.)...?..........
#.....................
##F...................
#...Y...............F
##...................
##...................


You could see an eight-headed hydra, an ice devil, a hippogriff (wandering), a
spiny frog (wandering) and 5 ice beasts.

Vanquished Creatures
  Erolcha (D:9)
  Harold (D:7)
  3 two-headed ogres
  Nergalle (D:9)
  An orc sorcerer (Bailey)
  2 ice statues (IceCv)
  Joseph (D:9)
  A kobold demonologist (Bailey)
  A hippogriff (D:9)
  Menkaure (D:7)
  2 water moccasins
  18 orc warriors
  4 ice beasts
  A necrophage (D:7)
  4 sky beasts
  3 black bears
  A phantom (D:5)
  6 ogres
  2 centaurs
  A crocodile (D:10)
  3 big kobolds
  7 bullfrogs
  A wyvern zombie (D:6)
  A water moccasin zombie (D:8)
  2 scorpions
  A water moccasin skeleton (D:6)
  13 killer bees
  A howler monkey (D:3)
  6 wights
  4 electric eels (Bailey)
  4 bullfrog zombies
  5 crimson imps
  2 quasits
  6 hounds
  7 orc priests
  2 jellies
  3 bullfrog skeletons
  An iron imp (D:7)
  3 iguanas
  12 orc wizards
  4 worker ants
  13 adders
  5 gnolls (Bailey)
  7 shadow imps
  5 white imps (IceCv)
  7 ufetubi (IceCv)
  An ooze (D:5)
  An adder skeleton (D:8)
  3 worms
  5 dart slugs
  5 leopard geckos
  48 orcs
  A ball python (D:3)
  7 giant cockroaches
  17 goblins
  12 hobgoblins
  11 jackals
  2 quokkas
  10 bats
  5 frilled lizards
  A giant cockroach zombie (D:6)
  24 kobolds
  A leopard gecko skeleton (D:4)
  3 quokka skeletons
  10 rats
347 creatures vanquished.

Vanquished Creatures (collateral kills)
  A killer bee (D:11)
1 creature vanquished.

Vanquished Creatures (others)
  3 white imps (IceCv)
  2 ufetubi (IceCv)
  A jackal (D:10)
6 creatures vanquished.

Grand Total: 354 creatures vanquished

Notes
Turn   | Place    | Note
-------+----------+-------------------------------------------
     0 | D:1      | Doobh the Demonspawn Venom Mage began the quest for the
                  | Orb.
     0 | D:1      | Reached XP level 1. HP: 13/13 MP: 3/3
   130 | D:1      | Gained mutation: You regenerate a little health from kills.
                  | [demonic ancestry]
   130 | D:1      | Reached XP level 2. HP: 14/19 MP: 0/5
   588 | D:1      | Gained mutation: Your flesh is cold resistant. (rC+)
                  | [demonic ancestry]
   588 | D:1      | Reached XP level 3. HP: 25/25 MP: 1/6
  1184 | D:1      | Reached skill level 1 in Unarmed Combat
  1627 | D:2      | Gained mutation: You have sharp fingernails. [demonic
                  | ancestry]
  1627 | D:2      | Reached XP level 4. HP: 29/31 MP: 1/7
  1658 | D:2      | Reached skill level 1 in Fighting
  2099 | D:2      | Reached skill level 1 in Armour
  2433 | D:3      | Learned a level 3 spell: Mephitic Cloud
  2742 | D:4      | Noticed an ogre
  2898 | D:4      | Gained mutation: You regenerate health from kills. [demonic
                  | ancestry]
  2898 | D:4      | Reached XP level 5. HP: 23/37 MP: 6/8
  3852 | D:3      | Gained mutation: You are partially covered in iridescent
                  | scales. (AC +2) [demonic ancestry]
  3852 | D:3      | Reached XP level 6. HP: 36/43 MP: 8/10
  4242 | D:4      | Found an opulent altar of Gozag.
  4303 | D:5      | Entered Level 5 of the Dungeon
  4500 | D:5      | Gained mutation: You are mostly covered in iridescent
                  | scales. (AC +4) [demonic ancestry]
  4500 | D:5      | Reached XP level 7. HP: 38/50 MP: 9/11
  4778 | D:5      | Got a faintly humming leather armour
  4803 | D:5      | Identified the +4 leather armour "Goamiq" {*Drain rF- Dex+9
                  | SInv} (You found it on level 5 of the Dungeon)
  4841 | D:5      | Found a staircase to the Ecumenical Temple.
  4850 | Temple   | Entered the Ecumenical Temple
  5365 | D:6      | Identified the +6 dagger of Igaup {antimagic, rF++ Stlth+}
  5553 | D:5      | Reached XP level 8. HP: 56/57 MP: 4/13
  5901 | D:6      | Found Etanomp's General Store.
  6464 | D:6      | Noticed a two-headed ogre
  6648 | D:5      | Reached skill level 5 in Dodging
  6690 | D:5      | Gained mutation: You have very sharp fingernails. [demonic
                  | ancestry]
  6690 | D:5      | Reached XP level 9. HP: 27/64 MP: 9/15
  6804 | D:6      | Killed a two-headed ogre
  6804 | D:6      | Reached skill level 5 in Unarmed Combat
  6804 | D:6      | Reached skill level 5 in Poison Magic
  7070 | D:7      | Noticed Menkaure
  7089 | D:7      | Killed Menkaure
  7109 | D:7      | Found a snail-covered altar of Cheibriados.
  7610 | D:7      | Noticed a deep elf mage
  7611 | D:7      | Found a shimmering blue altar of Sif Muna.
  7611 | D:7      | Noticed a deep elf mage
  7936 | D:8      | Noticed Harold
  8192 | D:8      | Reached XP level 10. HP: 71/72 MP: 16/16
  8370 | D:7      | Killed Harold
  8370 | D:7      | Reached skill level 5 in Stealth
  8562 | D:8      | Found a staircase to the Lair.
  8973 | D:6      | Bought a scroll of enchant weapon for 75 gold pieces
  8973 | D:6      | Bought a scroll of vulnerability for 75 gold pieces
  9178 | D:9      | Reached skill level 1 in Air Magic
  9208 | D:9      | Found Afeas's Book Shoppe.
  9324 | D:9      | Reached skill level 1 in Evocations
  9450 | D:9      | Reached skill level 5 in Fighting
  9499 | D:9      | Noticed Joseph
  9520 | D:9      | Killed Joseph
  9520 | D:9      | Reached skill level 5 in Conjurations
  9676 | D:9      | Noticed Erolcha
  9692 | D:9      | Killed Erolcha
  9910 | D:10     | Entered Level 10 of the Dungeon
  9960 | D:10     | Found a flagged portal.
  9969 | Bailey   | Entered a bailey
 10125 | Bailey   | Noticed an orc sorcerer
 10134 | Bailey   | Noticed a smoke demon
 10139 | Bailey   | Noticed an orange demon
 10139 | Bailey   | Killed an orc sorcerer
 10139 | Bailey   | Reached XP level 11. HP: 60/79 MP: 10/17
 10377 | Bailey   | Found an iron altar of Okawaru.
 10437 | Bailey   | Reached skill level 5 in Armour
 10670 | Bailey   | Identified Vehumet's Grimoire of Confrontation
 10683 | Bailey   | Got a steaming leather armour
 10688 | Bailey   | Identified the +2 leather armour of Yesterday {rPois rCorr
                  | Int+6} (You found it in a bailey)
 11379 | D:10     | Identified the amulet "Liblehio" {Faith rPois SInv}
 11529 | D:10     | Noticed a two-headed ogre
 11864 | D:10     | Killed a two-headed ogre
 11926 | D:10     | Noticed Nergalle
 12331 | D:9      | Killed Nergalle
 13031 | D:11     | Noticed a two-headed ogre
 13053 | D:11     | Killed a two-headed ogre
 13389 | Lair:1   | Entered Level 1 of the Lair of Beasts
 13396 | Lair:1   | Noticed an eight-headed hydra
 13398 | Lair:1   | Found a frozen archway.
 13466 | IceCv    | Entered an ice cave
 14115 | Lair:1   | Slain by an eight-headed hydra

Levels and vault maps discovered:
D:1:      psy_arrival_spokes, layout_loops_cross, minmay_cupped
D:2:      layout_basic
D:3:      layout_loops_ring, first_ration
D:4:      layout_basic, grunt_gozag_breadcrumbs
D:5:      layout_rooms, minmay_temple_entry_steel_oval
D:6:      layout_rooms, serial_shops, nicolae_shop_statue_plus,
          minmay_joined_circles
D:7:      layout_loops_ring, slow_altar_1, grunt_ogre_cave,
          david_defended_altar_elf, uniq_menkaure
D:8:      layout_rooms, dpeg_oklobed_lair, uniq_harold
D:9:      layout_irregular_city, serial_shops, kennysheep_mini, uniq_joseph,
          uniq_erolcha
D:10:     minmay_recursive_quarters, layout_rooms, enter_bailey_2,
          wad_floor_pattern_1, uniq_nergalle
D:11:     layout_roguey, gammafunk_ghost_mausoleum, minmay_misc_feat_tower,
          lemuel_oklob_altar
Temple:   kilobyte_greek_temple
Lair:1:   layout_layer_cave, portal_ice_cave_entry_ice_beasts

Skill      XL: |  1  2  3  4  5  6  7  8  9 10 11 |
---------------+----------------------------------+-----
Dodging        | 2 3 4 5 6 7 |  7.5
Stealth        | 2 3 4 5 6 |  6.4
Unarmed Combat | 1 2 3 4 5 6 7 |  7.2
Fighting       | 1 2 3 4 5 6 |  6.2
Armour         | 1 2 3 4 5 |  5.6
Conjurations   | 2 3 4 5 6 |  6.1
Spellcasting   | 3 4 |  4.0
Poison Magic   | 4 5 6 |  6.2
Air Magic      | 2 4 |  4.1
Evocations     | 2 3 |  3.7

Action                   |  1- 3 |  4- 6 |  7- 9 | 10-12 || total
-------------------------+-------+-------+-------+-------++-------
Melee: Unarmed           |   119 |   398 |   441 |   781 ||  1739
       Punch             |       |       |    11 |    27 ||    38
 Cast: Sting             |    67 |    70 |   113 |   145 ||   395
       Mephitic Cloud    |       |       |     8 |    30 ||    38
Evoke: Wand              |       |       |    11 |     8 ||    19
  Use: Potion            |       |     2 |     4 |    12 ||    18
       Scroll            |       |     1 |     9 |    14 ||    24
 Stab: Sleeping          |       |     2 |     5 |     3 ||    10
       Confused          |       |       |     4 |    10 ||    14
       Distracted        |       |       |       |     4 ||     4
  Eat: Chunk             |     3 |    17 |     6 |    13 ||    39
       Ration            |       |       |     2 |     3 ||     5
Armor: Robe              |    34 |    58 |     6 |       ||    98
       Leather armour    |       |       |   139 |   270 ||   409
Dodge: Dodged            |   106 |   231 |   319 |   701 ||  1357
